Workbook

Sheet Budget Justification Summary
A1: APPLICANT NARRATIVE BUDGET JUSTIFICATION FORM
A2: Predictive Science Academic Alliance Program (PSAAP IV)
A3: _________________________________________________________________________________
A4: APPLICANT NARRATIVE BUDGET JUSTIFICATION FORM
A6: Name of Applicant:
A7: Principal Investigator:
A8: Project Title:
A10: Total Project | C10: Year 1 | D10: Year 2 | E10: Year 3 | F10: Year 4 | G10: Year 5 | H10: Total
C11: =C18+C23+C28+C33+C38+C43+C92 -> 0 | D11: =D18+D23+D28+D33+D38+D43+D92 -> 0 | E11: =E18+E23+E28+E33+E38+E43+E92 -> 0 | F11: =F18+F23+F28+F33+F38+F43+F92 -> 0 | G11: =G18+G23+G28+G33+G38+G43+G92 -> 0 | H11: =SUM(C11:G11) -> 0
A13: R&R Budget Section Subsection | C13: R&R Cost Category | I13: Narrative Budget Justification Instructions
A14: Section | B14: Subsection
L15: Tab Hyperlink
A16: A. B. | C16: Senior Key and Other Personnel | I16: Instructions: Fill out the A - SeniorKey Personnel Tab and B - Other Personnel Tab. The Yearly totals to the left will automatically calculate. NOTE: Select Tab Hyperlink to the right to access the A - Senior Key and B - Other Personnel Tabs. | L16: A - SeniorKey Personnel
C17: Year 1 | D17: Year 2 | E17: Year 3 | F17: Year 4 | G17: Year 5 | H17: Total | L17: B - Other Personnel
C18: ='A - SeniorKey Personnel'!J85+'B - Other Personnel'!J109 -> 0 | D18: ='A - SeniorKey Personnel'!J86+'B - Other Personnel'!J110 -> 0 | E18: ='A - SeniorKey Personnel'!J87+'B - Other Personnel'!J111 -> 0 | F18: ='A - SeniorKey Personnel'!J88+'B - Other Personnel'!J112 -> 0 | G18: ='A - SeniorKey Personnel'!J89+'B - Other Personnel'!J113 -> 0 | H18: =SUM(C18:G18) -> 0
A19: Narrative:
A21: A. B. | C21: Fringe Benefits | I21: Instructions: Fill out the Fringe Benefits Tab. The Yearly totals to the left will automatically calculate. NOTE: Select Tab Hyperlink to the right to access the Fringe Benefit Tab. | L21: Fringe Benefits
C22: Year 1 | D22: Year 2 | E22: Year 3 | F22: Year 4 | G22: Year 5 | H22: Total
C23: ='Fringe Benefits'!D156 -> 0 | D23: ='Fringe Benefits'!E156 -> 0 | E23: ='Fringe Benefits'!F156 -> 0 | F23: ='Fringe Benefits'!G156 -> 0 | G23: ='Fringe Benefits'!H156 -> 0 | H23: =SUM(C23:G23) -> 0
A24: Narrative:
A26: C. | C26: Equipment Items (>$5,000) | I26: Instructions: Please complete Attachment D - Equipment Summary Form. Enter totals to the left for each year from Attachment D - Equipment Summary Form. Give brief description below why equipment is needed. | L26: N/A - Fill out Attachment D
C27: Year 1 | D27: Year 2 | E27: Year 3 | F27: Year 4 | G27: Year 5 | H27: Total
C28: 0 | D28: 0 | E28: 0 | F28: 0 | G28: 0 | H28: =SUM(C28:G28) -> 0
A29: Narrative: Please fill out Equipment Estimate Summary Form (Attachment F)
A31: D. | C31: Travel | I31: Instructions: • Please complete Attachment E - Travel Summary Form. • Enter totals to the left for each year from Attachment E - Travel Summary. • Provide a copy or internet location of your institutions travel policy. | L31: N/A - Fill out Attachment E
C32: Year 1 | D32: Year 2 | E32: Year 3 | F32: Year 4 | G32: Year 5 | H32: Total
C33: 0 | D33: 0 | E33: 0 | F33: 0 | G33: 0 | H33: =SUM(C33:G33) -> 0
A34: Narrative: Please fill out Travel Estimate Summary Form (Attachment G)
A36: E. | C36: Participant/Trainee Support | I36: Instructions: Fill out the E - Participant Support Tab. The Yearly totals to the left will automatically calculate. Provide supporting documentation. (Do not add tuition for individuals identified under Other Personnel in this category--that tuition should be identified under Other Direct Costs) NOTE: Select Tab Hyperlink to the right to access the E - Participant Support Tab. -----------------------> | L36: E - Participant Support
C37: Year 1 | D37: Year 2 | E37: Year 3 | F37: Year 4 | G37: Year 5 | H37: Total
C38: ='E - Participant Support'!G80 -> 0 | D38: ='E - Participant Support'!H80 -> 0 | E38: ='E - Participant Support'!I80 -> 0 | F38: ='E - Participant Support'!J80 -> 0 | G38: ='E - Participant Support'!K80 -> 0 | H38: =SUM(C38:G38) -> 0
A39: Narrative:
A41: F. | C41: Other Direct Costs Total | I41: Instructions: The Yearly totals to the left will automatically calculate. Provide information requested below in subsections F.1 through F.10 as applicable
C42: Year 1 | D42: Year 2 | E42: Year 3 | F42: Year 4 | G42: Year 5 | H42: Total
C43: =C47+C52+C56+C61+C66+C71+C75+C79+C84+C88 -> 0 | D43: =D47+D52+D56+D61+D66+D71+D75+D79+D84+D88 -> 0 | E43: =E47+E52+E56+E61+E66+E71+E75+E79+E84+E88 -> 0 | F43: =F47+F52+F56+F61+F66+F71+F75+F79+F84+F88 -> 0 | G43: =G47+G52+G56+G61+G66+G71+G75+G79+G84+G88 -> 0 | H43: =SUM(C43:G43) -> 0
B45: F.1 | C45: Materials and Supplies | I45: Instructions: • Please complete Attachment F - Materials and Supplies Summary. • Enter totals to the left for each year from Attachment F - Materials and Supplies | L45: N/A - Fill out Attachment F
C46: Year 1 | D46: Year 2 | E46: Year 3 | F46: Year 4 | G46: Year 5 | H46: Aggregate Total
C47: 0 | D47: 0 | E47: 0 | F47: 0 | G47: 0 | H47: =SUM(C47:G47) -> 0
B48: Narrative: Please fill out Materials and Supplies Summary Form (Attachment H)
B50: F.2 | C50: Publication Costs | I50: Instructions: Fill out the F2 - Publication Costs Tab. The Yearly totals to the left will automatically calculate. For Publication Costs with an Aggregate Total (the grand total of all Publications for the entire project period of performance) exceeding $3,000, source documents (vendor quote, quote from internet market research) must be provided. NOTE: Select Tab Hyperlink to the right to access the F2 - Publication Costs Tab. | L50: F2 - Publication Costs
C51: Year 1 | D51: Year 2 | E51: Year 3 | F51: Year 4 | G51: Year 5 | H51: Aggregate Total
C52: ='F2 - Publication Costs'!F15 -> 0 | D52: ='F2 - Publication Costs'!G15 -> 0 | E52: ='F2 - Publication Costs'!H15 -> 0 | F52: ='F2 - Publication Costs'!I15 -> 0 | G52: ='F2 - Publication Costs'!J15 -> 0 | H52: =SUM(C52:G52) -> 0
B54: F.3 | C54: Consultant Services | I54: Instructions: Fill out the F3 - Consultant Costs Tab. The Yearly totals to the left will automatically calculate. Provide a description of the consultant services by year and how they relate to the project. Provide supporting documentation and quotes for Consultant Services. NOTE: Select Tab Hyperlink to the right to access the F3 - Consultant Costs Tab. | L54: F3 - Consultant Costs
C55: Year 1 | D55: Year 2 | E55: Year 3 | F55: Year 4 | G55: Year 5 | H55: Total
C56: ='F3 - Consultant Costs'!D13 -> 0 | D56: ='F3 - Consultant Costs'!E13 -> 0 | E56: ='F3 - Consultant Costs'!F13 -> 0 | F56: ='F3 - Consultant Costs'!G13 -> 0 | G56: ='F3 - Consultant Costs'!H13 -> 0 | H56: =SUM(C56:G56) -> 0
B57: Narrative:
B59: F.4 | C59: ADP/Computer Services | I59: Instructions: Fill out the F4 - ADP-Computer Serv Costs Tab. The Yearly totals to the left will automatically calculate. Provide a description of the computer services and how they relate to the project. Provide supporting documentation and quotes. NOTE: Select Tab Hyperlink to the right to access the F4 - Computer Serv Costs Tab. | L59: F4 - ADP-Computer Serv Costs
C60: Year 1 | D60: Year 2 | E60: Year 3 | F60: Year 4 | G60: Year 5 | H60: Aggregate Total
C61: ='F4 - ADP-Computer Serv Costs'!D15 -> 0 | D61: ='F4 - ADP-Computer Serv Costs'!E15 -> 0 | E61: ='F4 - ADP-Computer Serv Costs'!F15 -> 0 | F61: ='F4 - ADP-Computer Serv Costs'!G15 -> 0 | G61: ='F4 - ADP-Computer Serv Costs'!H15 -> 0 | H61: =SUM(C61:G61) -> 0
B62: Narrative:
B64: F.5 | C64: Subawards/Consortium | I64: Instructions: Fill out the F5 - Subaward Consortium Costs Tab. The Yearly totals to the left will automatically calculate. Provide a description of what work the subawardee(s) will perform and how it will benefit the project. Also, provide a separate Budget and Budget Justification form, and supporting documentaiton for each subawardee. NOTE: Select Tab Hyperlink to the right to access the F5 - Subaward Consortium Costs Tab. | L64: F5 - Subaward Consortium Costs
C65: Year 1 | D65: Year 2 | E65: Year 3 | F65: Year 4 | G65: Year 5 | H65: Total
C66: ='F5 - Subaward Consortium Costs'!D25 -> 0 | D66: ='F5 - Subaward Consortium Costs'!E25 -> 0 | E66: ='F5 - Subaward Consortium Costs'!F25 -> 0 | F66: ='F5 - Subaward Consortium Costs'!G25 -> 0 | G66: ='F5 - Subaward Consortium Costs'!H25 -> 0 | H66: =SUM(C66:G66) -> 0
B67: Narrative:
B69: F.6 | C69: Equipment or Facility Rental/User Fees | I69: Instructions: Fill out the F6 - Equip or Fac Rent-User Fee Tab. The Yearly totals to the left will automatically calculate. NOTE: Select Tab Hyperlink to the right to access the F6 - Equip or Fac Rent-User Fee Tab. | L69: F6 - Equip or Fac Rent-User Fee
C70: Year 1 | D70: Year 2 | E70: Year 3 | F70: Year 4 | G70: Year 5 | H70: Aggregate Total
C71: ='F6 - Equip or Fac Rent-User Fee'!D15 -> 0 | D71: ='F6 - Equip or Fac Rent-User Fee'!E15 -> 0 | E71: ='F6 - Equip or Fac Rent-User Fee'!F15 -> 0 | F71: ='F6 - Equip or Fac Rent-User Fee'!G15 -> 0 | G71: ='F6 - Equip or Fac Rent-User Fee'!H15 -> 0 | H71: =SUM(C71:G71) -> 0
B73: F.7 | C73: Alterations and Renovations | I73: Instructions: Fill out the F7 - Alterations & Renovations Tab. The Yearly totals to the left will automatically calculate. NOTE: Select Tab Hyperlink to the right to access the F7 - Alterations & Renovations Tab. | L73: F7 - Alterations & Renovations
C74: Year 1 | D74: Year 2 | E74: Year 3 | F74: Year 4 | G74: Year 5 | H74: Aggregate Total
C75: ='F7 - Alterations & Renovations'!D15 -> 0 | D75: ='F7 - Alterations & Renovations'!E15 -> 0 | E75: ='F7 - Alterations & Renovations'!F15 -> 0 | F75: ='F7 - Alterations & Renovations'!G15 -> 0 | G75: ='F7 - Alterations & Renovations'!H15 -> 0 | H75: =SUM(C75:G75) -> 0
B77: F.8 | C77: Tuition & Fees Remission | I77: Instructions: Fill out the F8 - Tuition & Fees Remission Tab. The Yearly totals to the left will automatically calculate. Provide an explanation of how many students, graduate or undergraduate, and full or part time per year. Provide web site reference to institution policy regarding tuition costs that reflects amounts and/or percentages of tuition costs that will be charged to the Government. NOTE: Select Tab Hyperlink to the right to access the F8 - Tuition & Fees Remission Tab. ----------------> | L77: F8 - Tuition & Fees Remission
C78: Year 1 | D78: Year 2 | E78: Year 3 | F78: Year 4 | G78: Year 5 | H78: Aggregate Total
C79: ='F8 - Tuition & Fees Remission'!E14 -> 0 | D79: ='F8 - Tuition & Fees Remission'!F14 -> 0 | E79: ='F8 - Tuition & Fees Remission'!G14 -> 0 | F79: ='F8 - Tuition & Fees Remission'!H14 -> 0 | G79: ='F8 - Tuition & Fees Remission'!I14 -> 0 | H79: =SUM(C79:G79) -> 0
B80: Narrative:
B82: F.9 | C82: Other | I82: Instructions: Fill out the F9 - Other Tab. The Yearly totals to the left will automatically calculate. NOTE: Select Tab Hyperlink to the right to access the F9 - Other Tab. | L82: F9 - Other
C83: Year 1 | D83: Year 2 | E83: Year 3 | F83: Year 4 | G83: Year 5 | H83: Aggregate Total
C84: ='F9 - Other'!D15 -> 0 | D84: ='F9 - Other'!E15 -> 0 | E84: ='F9 - Other'!F15 -> 0 | F84: ='F9 - Other'!G15 -> 0 | G84: ='F9 - Other'!H15 -> 0 | H84: =SUM(C84:G84) -> 0
B86: F.10 | C86: Other | I86: Instructions: Fill out the F10 - Other Tab. The Yearly totals to the left will automatically calculate. NOTE: Select Tab Hyperlink to the right to access the F10 - Other Tab. | L86: F10 - Other
C87: Year 1 | D87: Year 2 | E87: Year 3 | F87: Year 4 | G87: Year 5 | H87: Aggregate Total
C88: ='F10 - Other'!D15 -> 0 | D88: ='F10 - Other'!E15 -> 0 | E88: ='F10 - Other'!F15 -> 0 | F88: ='F10 - Other'!G15 -> 0 | G88: ='F10 - Other'!H15 -> 0 | H88: =SUM(C88:G88) -> 0
A90: G. | C90: Indirect Costs | I90: Instructions: Provide totals for each year. State the base amounts and percentages used for calculation of indirect costs. Identify the federal agency that approved the Rate Agreement and the agreement date. Provide a copy of the institution's indirect rate agreement.
C91: Year 1 | D91: Year 2 | E91: Year 3 | F91: Year 4 | G91: Year 5 | H91: Total
C92: 0 | D92: 0 | E92: 0 | F92: 0 | G92: 0 | H92: =SUM(C92:G92) -> 0
A93: Narrative:
A95: NOTE:
A96: 1. Separate Budget Narrative should be completed for each subawardee.
A97: 2. Budget Justification Narrative must justify the program basis for each R&R Budget fund request and identify how the cost estimates were developed (i.e. standard university labor rates, vender quotes, competitive cost bids, market research estimates, etc.).

Sheet A - SeniorKey Personnel
A2: A. Senior/Key Personnel Labor
A3: Provide in the table below each of the Senior/Key Personnel position to be supported under the proposed award by name; project role; title; base salary; monthly salary; the amount of effort (person months) to be expended by each position; and annual compensation for each position. Add any additional explanation required that supports total $ proposed for project in terms of how compensation is provided and calculated for this person.
A4: Return to | B4: Budget Justification Summary
A5: Senior/Key Personnel Name | B5: Project Role | C5: Job Title | D5: Budget Year | E5: Base Salary | F5: Monthly Salary | G5: Person Months | J5: Annual Compensation
G6: Cal | H6: Acad | I6: Sum
D7: Year 1 | J7: =(F7*G7)+(F7*H7)+(F7*I7) -> 0
D8: Year 2 | J8: =(F8*G8)+(F8*H8)+(F8*I8) -> 0
D9: Year 3 | J9: =(F9*G9)+(F9*H9)+(F9*I9) -> 0
D10: Year 4 | J10: =(F10*G10)+(F10*H10)+(F10*I10) -> 0
D11: Year 5 | J11: =(F11*G11)+(F11*H11)+(F11*I11) -> 0
A12: Total Compensation for Position | J12: =SUM(J7:J11) -> 0
D13: Year 1 | J13: =(F13*G13)+(F13*H13)+(F13*I13) -> 0
D14: Year 2 | J14: =(F14*G14)+(F14*H14)+(F14*I14) -> 0
D15: Year 3 | J15: =(F15*G15)+(F15*H15)+(F15*I15) -> 0
D16: Year 4 | J16: =(F16*G16)+(F16*H16)+(F16*I16) -> 0
D17: Year 5 | J17: =(F17*G17)+(F17*H17)+(F17*I17) -> 0
A18: Total Compensation for Position | J18: =SUM(J13:J17) -> 0
D19: Year 1 | J19: =(F19*G19)+(F19*H19)+(F19*I19) -> 0
D20: Year 2 | J20: =(F20*G20)+(F20*H20)+(F20*I20) -> 0
D21: Year 3 | J21: =(F21*G21)+(F21*H21)+(F21*I21) -> 0
D22: Year 4 | J22: =(F22*G22)+(F22*H22)+(F22*I22) -> 0
D23: Year 5 | J23: =(F23*G23)+(F23*H23)+(F23*I23) -> 0
A24: Total Compensation for Position | J24: =SUM(J19:J23) -> 0
D25: Year 1 | J25: =(F25*G25)+(F25*H25)+(F25*I25) -> 0
D26: Year 2 | J26: =(F26*G26)+(F26*H26)+(F26*I26) -> 0
D27: Year 3 | J27: =(F27*G27)+(F27*H27)+(F27*I27) -> 0
D28: Year 4 | J28: =(F28*G28)+(F28*H28)+(F28*I28) -> 0
D29: Year 5 | J29: =(F29*G29)+(F29*H29)+(F29*I29) -> 0
A30: Total Compensation for Position | J30: =SUM(J25:J29) -> 0
D31: Year 1 | J31: =(F31*G31)+(F31*H31)+(F31*I31) -> 0
D32: Year 2 | J32: =(F32*G32)+(F32*H32)+(F32*I32) -> 0
D33: Year 3 | J33: =(F33*G33)+(F33*H33)+(F33*I33) -> 0
D34: Year 4 | J34: =(F34*G34)+(F34*H34)+(F34*I34) -> 0
D35: Year 5 | J35: =(F35*G35)+(F35*H35)+(F35*I35) -> 0
A36: Total Compensation for Position | J36: =SUM(J31:J35) -> 0
D37: Year 1 | J37: =(F37*G37)+(F37*H37)+(F37*I37) -> 0
D38: Year 2 | J38: =(F38*G38)+(F38*H38)+(F38*I38) -> 0
D39: Year 3 | J39: =(F39*G39)+(F39*H39)+(F39*I39) -> 0
D40: Year 4 | J40: =(F40*G40)+(F40*H40)+(F40*I40) -> 0
D41: Year 5 | J41: =(F41*G41)+(F41*H41)+(F41*I41) -> 0
A42: Total Compensation for Position | J42: =SUM(J37:J41) -> 0
D43: Year 1 | J43: =(F43*G43)+(F43*H43)+(F43*I43) -> 0
D44: Year 2 | J44: =(F44*G44)+(F44*H44)+(F44*I44) -> 0
D45: Year 3 | J45: =(F45*G45)+(F45*H45)+(F45*I45) -> 0
D46: Year 4 | J46: =(F46*G46)+(F46*H46)+(F46*I46) -> 0
D47: Year 5 | J47: =(F47*G47)+(F47*H47)+(F47*I47) -> 0
A48: Total Compensation for Position | J48: =SUM(J43:J47) -> 0
D49: Year 1 | J49: =(F49*G49)+(F49*H49)+(F49*I49) -> 0
D50: Year 2 | J50: =(F50*G50)+(F50*H50)+(F50*I50) -> 0
D51: Year 3 | J51: =(F51*G51)+(F51*H51)+(F51*I51) -> 0
D52: Year 4 | J52: =(F52*G52)+(F52*H52)+(F52*I52) -> 0
D53: Year 5 | J53: =(F53*G53)+(F53*H53)+(F53*I53) -> 0
A54: Total Compensation for Position | J54: =SUM(J49:J53) -> 0
D55: Year 1 | J55: =(F55*G55)+(F55*H55)+(F55*I55) -> 0
D56: Year 2 | J56: =(F56*G56)+(F56*H56)+(F56*I56) -> 0
D57: Year 3 | J57: =(F57*G57)+(F57*H57)+(F57*I57) -> 0
D58: Year 4 | J58: =(F58*G58)+(F58*H58)+(F58*I58) -> 0
D59: Year 5 | J59: =(F59*G59)+(F59*H59)+(F59*I59) -> 0
A60: Total Compensation for Position | J60: =SUM(J55:J59) -> 0
D61: Year 1 | J61: =(F61*G61)+(F61*H61)+(F61*I61) -> 0
D62: Year 2 | J62: =(F62*G62)+(F62*H62)+(F62*I62) -> 0
D63: Year 3 | J63: =(F63*G63)+(F63*H63)+(F63*I63) -> 0
D64: Year 4 | J64: =(F64*G64)+(F64*H64)+(F64*I64) -> 0
D65: Year 5 | J65: =(F65*G65)+(F65*H65)+(F65*I65) -> 0
A66: Total Compensation for Position | J66: =SUM(J61:J65) -> 0
D67: Year 1 | J67: =(F67*G67)+(F67*H67)+(F67*I67) -> 0
D68: Year 2 | J68: =(F68*G68)+(F68*H68)+(F68*I68) -> 0
D69: Year 3 | J69: =(F69*G69)+(F69*H69)+(F69*I69) -> 0
D70: Year 4 | J70: =(F70*G70)+(F70*H70)+(F70*I70) -> 0
D71: Year 5 | J71: =(F71*G71)+(F71*H71)+(F71*I71) -> 0
A72: Total Compensation for Position | J72: =SUM(J67:J71) -> 0
D73: Year 1 | J73: =(F73*G73)+(F73*H73)+(F73*I73) -> 0
D74: Year 2 | J74: =(F74*G74)+(F74*H74)+(F74*I74) -> 0
D75: Year 3 | J75: =(F75*G75)+(F75*H75)+(F75*I75) -> 0
D76: Year 4 | J76: =(F76*G76)+(F76*H76)+(F76*I76) -> 0
D77: Year 5 | J77: =(F77*G77)+(F77*H77)+(F77*I77) -> 0
A78: Total Compensation for Position | J78: =SUM(J73:J77) -> 0
D79: Year 1 | J79: =(F79*G79)+(F79*H79)+(F79*I79) -> 0
D80: Year 2 | J80: =(F80*G80)+(F80*H80)+(F80*I80) -> 0
D81: Year 3 | J81: =(F81*G81)+(F81*H81)+(F81*I81) -> 0
D82: Year 4 | J82: =(F82*G82)+(F82*H82)+(F82*I82) -> 0
D83: Year 5 | J83: =(F83*G83)+(F83*H83)+(F83*I83) -> 0
A84: Total Compensation for Position | J84: =SUM(J79:J83) -> 0
A85: Total Senior/Key Personnel Compensation - Year 1 | J85: =J7+J13+J19+J25+J31+J37+J43+J49+J55+J61+J67+J73+J79 -> 0
A86: Total Senior/Key Personnel Compensation - Year 2 | J86: =J8+J14+J20+J26+J32+J38+J44+J50+J56+J62+J68+J74+J80 -> 0
A87: Total Senior/Key Personnel Compensation - Year 3 | J87: =J9+J15+J21+J27+J33+J39+J45+J51+J57+J63+J69+J75+J81 -> 0
A88: Total Senior/Key Personnel Compensation - Year 4 | J88: =J10+J16+J22+J28+J34+J40+J46+J52+J58+J64+J70+J76+J82 -> 0
A89: Total Senior/Key Personnel Compensation - Year 5 | J89: =J11+J17+J23+J29+J35+J41+J47+J53+J59+J65+J71+J77+J83 -> 0
A90: TOTAL SENIOR/KEY PERSONNEL FUNDS REQUESTED | J90: =SUM(J85:J89) -> 0
A93: Specify the basis for the proposed compensation by person: State if salaries/wages are based on an established rate structure or regular practice of the Organization and provide reference to a website that identifies salary or stipend ranges for Senior/Key Personnel. A copy of the salary or stipend ranges can also be provided. Also state if costs are annually escalated. Cells may be expanded if needed.
A95: Name/Project Role | B95: Basis of Compensation
A110: Return to | B110: Budget Justification Summary

Sheet B - Other Personnel
A2: B. Other Personnel Labor
A3: List each Other Personnel position to be supported under the proposed award by name (if known); project role, job title (if applicable); base salary; monthly salary; the amount of effort (person months) to be expended by each position; and annual compensation (automatically calculated) for each position. Add any additional explanation required that supports total $ proposed for project in terms of how compensation is provided and calculated for this person.
A4: Return to | B4: Budget Justification Summary
A5: Other Personnel Name | B5: Project Role | C5: Job Title | D5: Budget Year | E5: Base Salary | F5: Monthly Salary | G5: Person Months | J5: Annual Compensation
G6: Cal | H6: Acad | I6: Sum
D7: Year 1 | J7: =(F7*G7)+(F7*H7)+(F7*I7) -> 0
D8: Year 2 | J8: =(F8*G8)+(F8*H8)+(F8*I8) -> 0
D9: Year 3 | J9: =(F9*G9)+(F9*H9)+(F9*I9) -> 0
D10: Year 4 | J10: =(F10*G10)+(F10*H10)+(F10*I10) -> 0
D11: Year 5 | J11: =(F11*G11)+(F11*H11)+(F11*I11) -> 0
A12: Total Compensation for Position | J12: =SUM(J7:J11) -> 0
D13: Year 1 | J13: =(F13*G13)+(F13*H13)+(F13*I13) -> 0
D14: Year 2 | J14: =(F14*G14)+(F14*H14)+(F14*I14) -> 0
D15: Year 3 | J15: =(F15*G15)+(F15*H15)+(F15*I15) -> 0
D16: Year 4 | J16: =(F16*G16)+(F16*H16)+(F16*I16) -> 0
D17: Year 5 | J17: =(F17*G17)+(F17*H17)+(F17*I17) -> 0
A18: Total Compensation for Position | J18: =SUM(J13:J17) -> 0
D19: Year 1 | J19: =(F19*G19)+(F19*H19)+(F19*I19) -> 0
D20: Year 2 | J20: =(F20*G20)+(F20*H20)+(F20*I20) -> 0
D21: Year 3 | J21: =(F21*G21)+(F21*H21)+(F21*I21) -> 0
D22: Year 4 | J22: =(F22*G22)+(F22*H22)+(F22*I22) -> 0
D23: Year 5 | J23: =(F23*G23)+(F23*H23)+(F23*I23) -> 0
A24: Total Compensation for Position | J24: =SUM(J19:J23) -> 0
D25: Year 1 | J25: =(F25*G25)+(F25*H25)+(F25*I25) -> 0
D26: Year 2 | J26: =(F26*G26)+(F26*H26)+(F26*I26) -> 0
D27: Year 3 | J27: =(F27*G27)+(F27*H27)+(F27*I27) -> 0
D28: Year 4 | J28: =(F28*G28)+(F28*H28)+(F28*I28) -> 0
D29: Year 5 | J29: =(F29*G29)+(F29*H29)+(F29*I29) -> 0
A30: Total Compensation for Position | J30: =SUM(J25:J29) -> 0
D31: Year 1 | J31: =(F31*G31)+(F31*H31)+(F31*I31) -> 0
D32: Year 2 | J32: =(F32*G32)+(F32*H32)+(F32*I32) -> 0
D33: Year 3 | J33: =(F33*G33)+(F33*H33)+(F33*I33) -> 0
D34: Year 4 | J34: =(F34*G34)+(F34*H34)+(F34*I34) -> 0
D35: Year 5 | J35: =(F35*G35)+(F35*H35)+(F35*I35) -> 0
A36: Total Compensation for Position | J36: =SUM(J31:J35) -> 0
D37: Year 1 | J37: =(F37*G37)+(F37*H37)+(F37*I37) -> 0
D38: Year 2 | J38: =(F38*G38)+(F38*H38)+(F38*I38) -> 0
D39: Year 3 | J39: =(F39*G39)+(F39*H39)+(F39*I39) -> 0
D40: Year 4 | J40: =(F40*G40)+(F40*H40)+(F40*I40) -> 0
D41: Year 5 | J41: =(F41*G41)+(F41*H41)+(F41*I41) -> 0
A42: Total Compensation for Position | J42: =SUM(J37:J41) -> 0
D43: Year 1 | J43: =(F43*G43)+(F43*H43)+(F43*I43) -> 0
D44: Year 2 | J44: =(F44*G44)+(F44*H44)+(F44*I44) -> 0
D45: Year 3 | J45: =(F45*G45)+(F45*H45)+(F45*I45) -> 0
D46: Year 4 | J46: =(F46*G46)+(F46*H46)+(F46*I46) -> 0
D47: Year 5 | J47: =(F47*G47)+(F47*H47)+(F47*I47) -> 0
A48: Total Compensation for Position | J48: =SUM(J43:J47) -> 0
D49: Year 1 | J49: =(F49*G49)+(F49*H49)+(F49*I49) -> 0
D50: Year 2 | J50: =(F50*G50)+(F50*H50)+(F50*I50) -> 0
D51: Year 3 | J51: =(F51*G51)+(F51*H51)+(F51*I51) -> 0
D52: Year 4 | J52: =(F52*G52)+(F52*H52)+(F52*I52) -> 0
D53: Year 5 | J53: =(F53*G53)+(F53*H53)+(F53*I53) -> 0
A54: Total Compensation for Position | J54: =SUM(J49:J53) -> 0
D55: Year 1 | J55: =(F55*G55)+(F55*H55)+(F55*I55) -> 0
D56: Year 2 | J56: =(F56*G56)+(F56*H56)+(F56*I56) -> 0
D57: Year 3 | J57: =(F57*G57)+(F57*H57)+(F57*I57) -> 0
D58: Year 4 | J58: =(F58*G58)+(F58*H58)+(F58*I58) -> 0
D59: Year 5 | J59: =(F59*G59)+(F59*H59)+(F59*I59) -> 0
A60: Total Compensation for Position | J60: =SUM(J55:J59) -> 0
D61: Year 1 | J61: =(F61*G61)+(F61*H61)+(F61*I61) -> 0
D62: Year 2 | J62: =(F62*G62)+(F62*H62)+(F62*I62) -> 0
D63: Year 3 | J63: =(F63*G63)+(F63*H63)+(F63*I63) -> 0
D64: Year 4 | J64: =(F64*G64)+(F64*H64)+(F64*I64) -> 0
D65: Year 5 | J65: =(F65*G65)+(F65*H65)+(F65*I65) -> 0
A66: Total Compensation for Position | J66: =SUM(J61:J65) -> 0
D67: Year 1 | J67: =(F67*G67)+(F67*H67)+(F67*I67) -> 0
D68: Year 2 | J68: =(F68*G68)+(F68*H68)+(F68*I68) -> 0
D69: Year 3 | J69: =(F69*G69)+(F69*H69)+(F69*I69) -> 0
D70: Year 4 | J70: =(F70*G70)+(F70*H70)+(F70*I70) -> 0
D71: Year 5 | J71: =(F71*G71)+(F71*H71)+(F71*I71) -> 0
A72: Total Compensation for Position | J72: =SUM(J67:J71) -> 0
D73: Year 1 | J73: =(F73*G73)+(F73*H73)+(F73*I73) -> 0
D74: Year 2 | J74: =(F74*G74)+(F74*H74)+(F74*I74) -> 0
D75: Year 3 | J75: =(F75*G75)+(F75*H75)+(F75*I75) -> 0
D76: Year 4 | J76: =(F76*G76)+(F76*H76)+(F76*I76) -> 0
D77: Year 5 | J77: =(F77*G77)+(F77*H77)+(F77*I77) -> 0
A78: Total Compensation for Position | J78: =SUM(J73:J77) -> 0
D79: Year 1 | J79: =(F79*G79)+(F79*H79)+(F79*I79) -> 0
D80: Year 2 | J80: =(F80*G80)+(F80*H80)+(F80*I80) -> 0
D81: Year 3 | J81: =(F81*G81)+(F81*H81)+(F81*I81) -> 0
D82: Year 4 | J82: =(F82*G82)+(F82*H82)+(F82*I82) -> 0
D83: Year 5 | J83: =(F83*G83)+(F83*H83)+(F83*I83) -> 0
A84: Total Compensation for Position | J84: =SUM(J79:J83) -> 0
D85: Year 1 | J85: =(F85*G85)+(F85*H85)+(F85*I85) -> 0
D86: Year 2 | J86: =(F86*G86)+(F86*H86)+(F86*I86) -> 0
D87: Year 3 | J87: =(F87*G87)+(F87*H87)+(F87*I87) -> 0
D88: Year 4 | J88: =(F88*G88)+(F88*H88)+(F88*I88) -> 0
D89: Year 5 | J89: =(F89*G89)+(F89*H89)+(F89*I89) -> 0
A90: Total Compensation for Position | J90: =SUM(J85:J89) -> 0
D91: Year 1 | J91: =(F91*G91)+(F91*H91)+(F91*I91) -> 0
D92: Year 2 | J92: =(F92*G92)+(F92*H92)+(F92*I92) -> 0
D93: Year 3 | J93: =(F93*G93)+(F93*H93)+(F93*I93) -> 0
D94: Year 4 | J94: =(F94*G94)+(F94*H94)+(F94*I94) -> 0
D95: Year 5 | J95: =(F95*G95)+(F95*H95)+(F95*I95) -> 0
A96: Total Compensation for Position | J96: =SUM(J91:J95) -> 0
D97: Year 1 | J97: =(F97*G97)+(F97*H97)+(F97*I97) -> 0
D98: Year 2 | J98: =(F98*G98)+(F98*H98)+(F98*I98) -> 0
D99: Year 3 | J99: =(F99*G99)+(F99*H99)+(F99*I99) -> 0
D100: Year 4 | J100: =(F100*G100)+(F100*H100)+(F100*I100) -> 0
D101: Year 5 | J101: =(F101*G101)+(F101*H101)+(F101*I101) -> 0
...

Sheet Fringe Benefits
A1: Fringe Benefits (for Senior/Key Personnel and Other Personnel)
A2: Provide fringe benefit rate totals for each year for each Key and Other Personnel position proposed and identify the applicable Fringe Benefit rate (if there is more than one rate, please provide the rate and explain how rates are applied). Also, state whether the rates are approved by a government agency, or in accordance with institution policy. Provide internet location where rates can be verified under the explanation or other documentation to support the rate.
B4: Return to | C4: Budget Justification Summary
A5: Name/Project Role | D5: Year 1 | E5: Year 2 | F5: Year 3 | G5: Year 4 | H5: Year 5 | I5: Total | J5: Explanation
C6: Requested Salary 1
C7: Requested Salary 2
C8: Fringe Rate % 1
C9: Fringe Rate % 2
C10: Fringe Benefits Position Total | D10: =(D6*D8)+(D7*D9) -> 0 | E10: =(E6*E8)+(E7*E9) -> 0 | F10: =(F6*F8)+(F7*F9) -> 0 | G10: =(G6*G8)+(G7*G9) -> 0 | H10: =(H6*H8)+(H7*H9) -> 0 | I10: =SUM(D10:H10) -> 0
C11: Requested Salary 1
C12: Requested Salary 2
C13: Fringe Rate % 1
C14: Fringe Rate % 2
C15: Fringe Benefits Position Total | D15: =(D11*D13)+(D12*D14) -> 0 | E15: =(E11*E13)+(E12*E14) -> 0 | F15: =(F11*F13)+(F12*F14) -> 0 | G15: =(G11*G13)+(G12*G14) -> 0 | H15: =(H11*H13)+(H12*H14) -> 0 | I15: =SUM(D15:H15) -> 0
C16: Requested Salary 1
C17: Requested Salary 2
C18: Fringe Rate % 1
C19: Fringe Rate % 2
C20: Fringe Benefits Position Total | D20: =(D16*D18)+(D17*D19) -> 0 | E20: =(E16*E18)+(E17*E19) -> 0 | F20: =(F16*F18)+(F17*F19) -> 0 | G20: =(G16*G18)+(G17*G19) -> 0 | H20: =(H16*H18)+(H17*H19) -> 0 | I20: =SUM(D20:H20) -> 0
C21: Requested Salary 1
C22: Requested Salary 2
C23: Fringe Rate % 1
C24: Fringe Rate % 2
C25: Fringe Benefits Position Total | D25: =(D21*D23)+(D22*D24) -> 0 | E25: =(E21*E23)+(E22*E24) -> 0 | F25: =(F21*F23)+(F22*F24) -> 0 | G25: =(G21*G23)+(G22*G24) -> 0 | H25: =(H21*H23)+(H22*H24) -> 0 | I25: =SUM(D25:H25) -> 0
C26: Requested Salary 1
C27: Requested Salary 2
C28: Fringe Rate % 1
C29: Fringe Rate % 2
C30: Fringe Benefits Position Total | D30: =(D26*D28)+(D27*D29) -> 0 | E30: =(E26*E28)+(E27*E29) -> 0 | F30: =(F26*F28)+(F27*F29) -> 0 | G30: =(G26*G28)+(G27*G29) -> 0 | H30: =(H26*H28)+(H27*H29) -> 0 | I30: =SUM(D30:H30) -> 0
C31: Requested Salary 1
C32: Requested Salary 2
C33: Fringe Rate % 1
C34: Fringe Rate % 2
C35: Fringe Benefits Position Total | D35: =(D31*D33)+(D32*D34) -> 0 | E35: =(E31*E33)+(E32*E34) -> 0 | F35: =(F31*F33)+(F32*F34) -> 0 | G35: =(G31*G33)+(G32*G34) -> 0 | H35: =(H31*H33)+(H32*H34) -> 0 | I35: =SUM(D35:H35) -> 0
C36: Requested Salary 1
C37: Requested Salary 2
C38: Fringe Rate % 1
C39: Fringe Rate % 2
C40: Fringe Benefits Position Total | D40: =(D36*D38)+(D37*D39) -> 0 | E40: =(E36*E38)+(E37*E39) -> 0 | F40: =(F36*F38)+(F37*F39) -> 0 | G40: =(G36*G38)+(G37*G39) -> 0 | H40: =(H36*H38)+(H37*H39) -> 0 | I40: =SUM(D40:H40) -> 0
C41: Requested Salary 1
C42: Requested Salary 2
C43: Fringe Rate % 1
C44: Fringe Rate % 2
C45: Fringe Benefits Position Total | D45: =(D41*D43)+(D42*D44) -> 0 | E45: =(E41*E43)+(E42*E44) -> 0 | F45: =(F41*F43)+(F42*F44) -> 0 | G45: =(G41*G43)+(G42*G44) -> 0 | H45: =(H41*H43)+(H42*H44) -> 0 | I45: =SUM(D45:H45) -> 0
C46: Requested Salary 1
C47: Requested Salary 2
C48: Fringe Rate % 1
C49: Fringe Rate % 2
C50: Fringe Benefits Position Total | D50: =(D46*D48)+(D47*D49) -> 0 | E50: =(E46*E48)+(E47*E49) -> 0 | F50: =(F46*F48)+(F47*F49) -> 0 | G50: =(G46*G48)+(G47*G49) -> 0 | H50: =(H46*H48)+(H47*H49) -> 0 | I50: =SUM(D50:H50) -> 0
C51: Requested Salary 1
C52: Requested Salary 2
C53: Fringe Rate % 1
C54: Fringe Rate % 2
C55: Fringe Benefits Position Total | D55: =(D51*D53)+(D52*D54) -> 0 | E55: =(E51*E53)+(E52*E54) -> 0 | F55: =(F51*F53)+(F52*F54) -> 0 | G55: =(G51*G53)+(G52*G54) -> 0 | H55: =(H51*H53)+(H52*H54) -> 0 | I55: =SUM(D55:H55) -> 0
C56: Requested Salary 1
C57: Requested Salary 2
C58: Fringe Rate % 1
C59: Fringe Rate % 2
C60: Fringe Benefits Position Total | D60: =(D56*D58)+(D57*D59) -> 0 | E60: =(E56*E58)+(E57*E59) -> 0 | F60: =(F56*F58)+(F57*F59) -> 0 | G60: =(G56*G58)+(G57*G59) -> 0 | H60: =(H56*H58)+(H57*H59) -> 0 | I60: =SUM(D60:H60) -> 0
C61: Requested Salary 1
C62: Requested Salary 2
C63: Fringe Rate % 1
C64: Fringe Rate % 2
C65: Fringe Benefits Position Total | D65: =(D61*D63)+(D62*D64) -> 0 | E65: =(E61*E63)+(E62*E64) -> 0 | F65: =(F61*F63)+(F62*F64) -> 0 | G65: =(G61*G63)+(G62*G64) -> 0 | H65: =(H61*H63)+(H62*H64) -> 0 | I65: =SUM(D65:H65) -> 0
C66: Requested Salary 1
C67: Requested Salary 2
C68: Fringe Rate % 1
C69: Fringe Rate % 2
C70: Fringe Benefits Position Total | D70: =(D66*D68)+(D67*D69) -> 0 | E70: =(E66*E68)+(E67*E69) -> 0 | F70: =(F66*F68)+(F67*F69) -> 0 | G70: =(G66*G68)+(G67*G69) -> 0 | H70: =(H66*H68)+(H67*H69) -> 0 | I70: =SUM(D70:H70) -> 0
C71: Requested Salary 1
C72: Requested Salary 2
C73: Fringe Rate % 1
C74: Fringe Rate % 2
C75: Fringe Benefits Position Total | D75: =(D71*D73)+(D72*D74) -> 0 | E75: =(E71*E73)+(E72*E74) -> 0 | F75: =(F71*F73)+(F72*F74) -> 0 | G75: =(G71*G73)+(G72*G74) -> 0 | H75: =(H71*H73)+(H72*H74) -> 0 | I75: =SUM(D75:H75) -> 0
C76: Requested Salary 1
C77: Requested Salary 2
C78: Fringe Rate % 1
C79: Fringe Rate % 2
C80: Fringe Benefits Position Total | D80: =(D76*D78)+(D77*D79) -> 0 | E80: =(E76*E78)+(E77*E79) -> 0 | F80: =(F76*F78)+(F77*F79) -> 0 | G80: =(G76*G78)+(G77*G79) -> 0 | H80: =(H76*H78)+(H77*H79) -> 0 | I80: =SUM(D80:H80) -> 0
C81: Requested Salary 1
C82: Requested Salary 2
C83: Fringe Rate % 1
C84: Fringe Rate % 2
C85: Fringe Benefits Position Total | D85: =(D81*D83)+(D82*D84) -> 0 | E85: =(E81*E83)+(E82*E84) -> 0 | F85: =(F81*F83)+(F82*F84) -> 0 | G85: =(G81*G83)+(G82*G84) -> 0 | H85: =(H81*H83)+(H82*H84) -> 0 | I85: =SUM(D85:H85) -> 0
C86: Requested Salary 1
C87: Requested Salary 2
C88: Fringe Rate % 1
C89: Fringe Rate % 2
C90: Fringe Benefits Position Total | D90: =(D86*D88)+(D87*D89) -> 0 | E90: =(E86*E88)+(E87*E89) -> 0 | F90: =(F86*F88)+(F87*F89) -> 0 | G90: =(G86*G88)+(G87*G89) -> 0 | H90: =(H86*H88)+(H87*H89) -> 0 | I90: =SUM(D90:H90) -> 0
C91: Requested Salary 1
C92: Requested Salary 2
C93: Fringe Rate % 1
C94: Fringe Rate % 2
C95: Fringe Benefits Position Total | D95: =(D91*D93)+(D92*D94) -> 0 | E95: =(E91*E93)+(E92*E94) -> 0 | F95: =(F91*F93)+(F92*F94) -> 0 | G95: =(G91*G93)+(G92*G94) -> 0 | H95: =(H91*H93)+(H92*H94) -> 0 | I95: =SUM(D95:H95) -> 0
C96: Requested Salary 1
C97: Requested Salary 2
C98: Fringe Rate % 1
C99: Fringe Rate % 2
C100: Fringe Benefits Position Total | D100: =(D96*D98)+(D97*D99) -> 0 | E100: =(E96*E98)+(E97*E99) -> 0 | F100: =(F96*F98)+(F97*F99) -> 0 | G100: =(G96*G98)+(G97*G99) -> 0 | H100: =(H96*H98)+(H97*H99) -> 0 | I100: =SUM(D100:H100) -> 0
C101: Requested Salary 1
...

Sheet E - Participant Support
A1: E. Participant/Trainee Support Costs | E1: Return to | F1: Budget Justification Summary
A3: Trainee costs listed are those intended to support trainees in educational projects. Costs may include stipends, tuition & fees, travel and related training expenses. Participant costs listed are those costs associated with conferences, workshops or symposia. Justification should include the number of participants, cost for each participant, purpose of conference/workshop /symposia, dates and places of meetings and any related administrative expenses
A5: 1. Tuition/Fees/Health Insurance: Tuition and Fees for students participating on this project. Identify if student tuition and fees are for in-state or out-of-state students and what those tuition and fees are per student and how they are calculated (the table below may be used to depict these costs and calculations). Note: Tuition & fees reimbursement for individuals listed in Section B. Other Personnel should not be included in this section. Such costs should be listed in Section F Other Direct Costs.
B7: Type of Student | C7: Type of Cost (Tuition/Fees/ Health Insurance) | E7: # of Participants | F7: Base $ | G7: Year 1 | H7: Year 2 | I7: Year 3 | J7: Year 4 | K7: Year 5 | L7: Project Total
L8: =SUM(G8:K8) -> 0
L9: =SUM(G9:K9) -> 0
L10: =SUM(G10:K10) -> 0
L11: =SUM(G11:K11) -> 0
L12: =SUM(G12:K12) -> 0
L13: =SUM(G13:K13) -> 0
L14: =SUM(G14:K14) -> 0
L15: =SUM(G15:K15) -> 0
L16: =SUM(G16:K16) -> 0
L17: =SUM(G17:K17) -> 0
B18: Totals: | G18: =SUM(G8:G17) -> 0 | H18: =SUM(H8:H17) -> 0 | I18: =SUM(I8:I17) -> 0 | J18: =SUM(J8:J17) -> 0 | K18: =SUM(K8:K17) -> 0 | L18: =SUM(G18:K18) -> 0
A20: 2. Stipends: Identify any stipends and provide the basis for these costs.
B22: Type of Student | C22: Basis for Calculation | E22: # of Participants | F22: Stipend Base $ | G22: Year 1 | H22: Year 2 | I22: Year 3 | J22: Year 4 | K22: Year 5 | L22: Project Total
L23: =SUM(G23:K23) -> 0
L24: =SUM(G24:K24) -> 0
L25: =SUM(G25:K25) -> 0
L26: =SUM(G26:K26) -> 0
L27: =SUM(G27:K27) -> 0
L28: =SUM(G28:K28) -> 0
L29: =SUM(G29:K29) -> 0
L30: =SUM(G30:K30) -> 0
L31: =SUM(G31:K31) -> 0
L32: =SUM(G32:K32) -> 0
B33: Totals: | G33: =SUM(G23:G32) -> 0 | H33: =SUM(H23:H32) -> 0 | I33: =SUM(I23:I32) -> 0 | J33: =SUM(J23:J32) -> 0 | K33: =SUM(K23:K32) -> 0 | L33: =SUM(G33:K33) -> 0
A35: 3. Travel: Provide the travel information and totals for participant travel below.
B37: Type of Student | C37: Purpose (including location) | E37: # of Participants | F37: Cost per Student | G37: Year 1 | H37: Year 2 | I37: Year 3 | J37: Year 4 | K37: Year 5 | L37: Project Total
L38: =SUM(G38:K38) -> 0
L39: =SUM(G39:K39) -> 0
L40: =SUM(G40:K40) -> 0
L41: =SUM(G41:K41) -> 0
L42: =SUM(G42:K42) -> 0
L43: =SUM(G43:K43) -> 0
L44: =SUM(G44:K44) -> 0
L45: =SUM(G45:K45) -> 0
L46: =SUM(G46:K46) -> 0
L47: =SUM(G47:K47) -> 0
B48: Totals: | G48: =SUM(G38:G47) -> 0 | H48: =SUM(H38:H47) -> 0 | I48: =SUM(I38:I47) -> 0 | J48: =SUM(J38:J47) -> 0 | K48: =SUM(K38:K47) -> 0 | L48: =SUM(G48:K48) -> 0
A49: 4. Subsistence: Identify any proposed subsistence and the basis for these costs.
B51: Type of Student | C51: Purpose | E51: # of Participants | F51: Cost per Student | G51: Year 1 | H51: Year 2 | I51: Year 3 | J51: Year 4 | K51: Year 5 | L51: Project Total
L52: =SUM(G52:K52) -> 0
L53: =SUM(G53:K53) -> 0
L54: =SUM(G54:K54) -> 0
L55: =SUM(G55:K55) -> 0
L56: =SUM(G56:K56) -> 0
L57: =SUM(G57:K57) -> 0
L58: =SUM(G58:K58) -> 0
L59: =SUM(G59:K59) -> 0
L60: =SUM(G60:K60) -> 0
L61: =SUM(G61:K61) -> 0
B62: Totals: | G62: =SUM(G52:G61) -> 0 | H62: =SUM(H52:H61) -> 0 | I62: =SUM(I52:I61) -> 0 | J62: =SUM(J52:J61) -> 0 | K62: =SUM(K52:K61) -> 0 | L62: =SUM(G62:K62) -> 0
A64: 5. Other Participant/Trainee Costs: Identify the number of participants/trainees and the specific portion/task of the proposed project that they are participating in.
B66: Type of Student | C66: # of Participants | D66: Description of Other Costs | G66: Year 1 | H66: Year 2 | I66: Year 3 | J66: Year 4 | K66: Year 5 | L66: Project Total
L67: =SUM(G67:K67) -> 0
L68: =SUM(G68:K68) -> 0
L69: =SUM(G69:K69) -> 0
L70: =SUM(G70:K70) -> 0
L71: =SUM(G71:K71) -> 0
L72: =SUM(G72:K72) -> 0
L73: =SUM(G73:K73) -> 0
L74: =SUM(G74:K74) -> 0
L75: =SUM(G75:K75) -> 0
L76: =SUM(G76:K76) -> 0
B77: Totals: | G77: =SUM(G67:G76) -> 0 | H77: =SUM(H67:H76) -> 0 | I77: =SUM(I67:I76) -> 0 | J77: =SUM(J67:J76) -> 0 | K77: =SUM(K67:K76) -> 0 | L77: =SUM(G77:K77) -> 0
G79: Year 1 | H79: Year 2 | I79: Year 3 | J79: Year 4 | K79: Year 5 | L79: Project Total
B80: Total Participant/Trainee Support Costs | G80: =G18+G33+G48+G62+G77 -> 0 | H80: =H18+H33+H48+H62+H77 -> 0 | I80: =I18+I33+I48+I62+I77 -> 0 | J80: =J18+J33+J48+J62+J77 -> 0 | K80: =K18+K33+K48+K62+K77 -> 0 | L80: =SUM(G80:K80) -> 0
A82: 6. General Information Applicable to the Participant/Trainee Support Costs: Specify the basis for the trainee/participant costs proposed in each subcategory
B84: Trainee cost estimates are based on past experience of support of trainees on similar projects.
B86: Participant cost estimates are based on past experience of support of participants attending similar conferences/workshops/symposia.
B88: Trainee/Participant cost estimates are based on (attach narrative or provide explanation below)
B92: Return to | C92: Budget Justification Summary

Sheet F2 - Publication Costs
A1: F2. Publication Costs
B2: Provide publication funds requested for costs of documenting, preparing, publishing or otherwise making available to others the findings and products of the work conducted under the award for each year. For total purchases of Publication Costs where the aggregate total is $3,000 or more, source documentation such as quotations must be provided. Also, provide an explanation of the proposed costs below and a website where the costs can be verified.
B4: Name/Type of Publication | C4: Explanation | D4: Unit Cost | E4: Number of Publications | F4: Publication Cost Year 1 Year 1 | G4: Publication Cost Year 2 | H4: Publication Cost Year 3 | I4: Publication Cost Year 4 | J4: Publication Cost Year 5 | K4: Aggregate Total
K5: =SUM(F5:J5) -> 0
K6: =SUM(F6:J6) -> 0
K7: =SUM(F7:J7) -> 0
K8: =SUM(F8:J8) -> 0
K9: =SUM(F9:J9) -> 0
K10: =SUM(F10:J10) -> 0
K11: =SUM(F11:J11) -> 0
K12: =SUM(F12:J12) -> 0
K13: =SUM(F13:J13) -> 0
K14: =SUM(F14:J14) -> 0
B15: Totals: | F15: =SUM(F5:F14) -> 0 | G15: =SUM(G5:G14) -> 0 | H15: =SUM(H5:H14) -> 0 | I15: =SUM(I5:I14) -> 0 | J15: =SUM(J5:J14) -> 0 | K15: =SUM(F15:J15) -> 0
B17: Return to | C17: Budget Justification Summary

Sheet F3 - Consultant Costs
A1: F3 - Consultant costs
B2: List all consultants supplying commercial supplies or services used to support the project. The support to justify vendor costs (in any amount) should provide the purpose for the products or services and a basis of the estimated costs that is considered sufficient for DOE evaluation.
B4: Vendor Name/Organization | C4: Product or Service, Purpose/Need and Basis of Cost (Provide additional support at bottom of page as needed) | D4: Year 1 Total | E4: Year 2 Total | F4: Year 3 Total | G4: Year 4 Total | H4: Year 5 Total | I4: Project Total
B5: EXAMPLE ONLY!!! ABC Corp. | C5: Vendor for developing custom robotics to perform lens inspection, alignment, and placement (Task 4 ). Required for expanding CPV module mfg. capacity. Cost is from competitive quotes. | D5: 32900 | E5: 86500 | F5: 40000 | G5: 50000 | H5: 20000 | I5: =SUM(D5:H5) -> 229400
I6: =SUM(D6:H6) -> 0
I7: =SUM(D7:H7) -> 0
I8: =SUM(D8:H8) -> 0
I9: =SUM(D9:H9) -> 0
I10: =SUM(D10:H10) -> 0
I11: =SUM(D11:H11) -> 0
I12: =SUM(D12:H12) -> 0
C13: Sub-total | D13: =SUM(D6:D12) -> 0 | E13: =SUM(E6:E12) -> 0 | F13: =SUM(F6:F12) -> 0 | G13: =SUM(G6:G12) -> 0 | H13: =SUM(H6:H12) -> 0 | I13: =SUM(I6:I12) -> 0
B15: Return to | C15: Budget Justification Summary

Sheet F4 - ADP-Computer Serv Costs
A1: F4. ADP/Computer Services Costs
B2: Provide the type of proposed ADP/Computer services, an explanation of the proposed costs, and costs per year below. Also provide a copy of maintenance or lease agreements if applicable or a website where the ADP/Computer Services costs can be verified.
B4: Type of ADP/Computer Services | C4: Explanation | D4: Year 1 Total | E4: Year 2 Total | F4: Year 3 Total | G4: Year 4 Total | H4: Year 5 Total | I4: Project Total
I5: =SUM(D5:H5) -> 0
I6: =SUM(D6:H6) -> 0
I7: =SUM(D7:H7) -> 0
I8: =SUM(D8:H8) -> 0
I9: =SUM(D9:H9) -> 0
I10: =SUM(D10:H10) -> 0
I11: =SUM(D11:H11) -> 0
I12: =SUM(D12:H12) -> 0
I13: =SUM(D13:H13) -> 0
I14: =SUM(D14:H14) -> 0
B15: Totals: | D15: =SUM(D5:D14) -> 0 | E15: =SUM(E5:E14) -> 0 | F15: =SUM(F5:F14) -> 0 | G15: =SUM(G5:G14) -> 0 | H15: =SUM(H5:H14) -> 0 | I15: =SUM(D15:H15) -> 0
B17: Return to | C17: Budget Justification Summary

Sheet F5 - Subaward Consortium Costs
A1: F5. Subaward/Consortium Costs
B2: For each sub-recipient with total project costs of $100,000 or more, a separate budget form and justification must be submitted. The budget totals on the sub-recipient's forms must match the sub-recipient entries below.
B4: Consortium Member/Subawardee | C4: Point of Contact (PI Name) | D4: Year 1 Total | E4: Year 2 Total | F4: Year 3 Total | G4: Year 4 Total | H4: Year 5 Total | I4: Project Total
I5: =SUM(D5:H5) -> 0
I6: =SUM(D6:H6) -> 0
I7: =SUM(D7:H7) -> 0
I8: =SUM(D8:H8) -> 0
I9: =SUM(D9:H9) -> 0
I10: =SUM(D10:H10) -> 0
I11: =SUM(D11:H11) -> 0
I12: =SUM(D12:H12) -> 0
I13: =SUM(D13:H13) -> 0
I14: =SUM(D14:H14) -> 0
I15: =SUM(D15:H15) -> 0
I16: =SUM(D16:H16) -> 0
... I24: =SUM(D24:H24) -> 0
B25: Totals: | D25: =SUM(D5:D24) -> 0 | E25: =SUM(E5:E24) -> 0 | F25: =SUM(F5:F24) -> 0 | G25: =SUM(G5:G24) -> 0 | H25: =SUM(H5:H24) -> 0 | I25: =SUM(D25:H25) -> 0
B27: Return to | C27: Budget Justification Summary

Sheet F6 - Equip or Fac Rent-User Fee
A1: F6. Equipment or Facility Rental User Fees Costs
B2: Provide the type of proposed Equipment or Facility Rental/User Fees, an explanation of the proposed costs, and costs by year below. Also, provide a copy of rental/user fee agreements if applicable or a website where the Equipment or Facility Rental/User Fees costs can be verified.
B4: Type of Equipment or Facility | C4: Explanation | D4: Year 1 | E4: Year 2 | F4: Year 3 | G4: Year 4 | H4: Year 5 | I4: Project Total
I5: =SUM(D5:H5) -> 0
I6: =SUM(D6:H6) -> 0
I7: =SUM(D7:H7) -> 0
I8: =SUM(D8:H8) -> 0
I9: =SUM(D9:H9) -> 0
I10: =SUM(D10:H10) -> 0
I11: =SUM(D11:H11) -> 0
I12: =SUM(D12:H12) -> 0
I13: =SUM(D13:H13) -> 0
I14: =SUM(D14:H14) -> 0
B15: Totals: | D15: =SUM(D5:D14) -> 0 | E15: =SUM(E5:E14) -> 0 | F15: =SUM(F5:F14) -> 0 | G15: =SUM(G5:G14) -> 0 | H15: =SUM(H5:H14) -> 0 | I15: =SUM(D15:H15) -> 0
B17: Return to | C17: Budget Justification Summary

Sheet F7 - Alterations & Renovations
A1: F7. Alteration and Renovation Costs
B2: Provide a description of the alterations and renovation costs by year and explain how they will benefit the project. Provide supporting documentation and quotes.
B4: Alteration/Renovation Description | C4: Explanation | D4: Year 1 | E4: Year 2 | F4: Year 3 | G4: Year 4 | H4: Year 5 | I4: Project Total
I5: =SUM(D5:H5) -> 0
I6: =SUM(D6:H6) -> 0
I7: =SUM(D7:H7) -> 0
I8: =SUM(D8:H8) -> 0
I9: =SUM(D9:H9) -> 0
I10: =SUM(D10:H10) -> 0
I11: =SUM(D11:H11) -> 0
I12: =SUM(D12:H12) -> 0
I13: =SUM(D13:H13) -> 0
I14: =SUM(D14:H14) -> 0
B15: Totals: | D15: =SUM(D5:D14) -> 0 | E15: =SUM(E5:E14) -> 0 | F15: =SUM(F5:F14) -> 0 | G15: =SUM(G5:G14) -> 0 | H15: =SUM(H5:H14) -> 0 | I15: =SUM(D15:H15) -> 0
B17: Return to | C17: Budget Justification Summary

Sheet F8 - Tuition & Fees Remission
A1: F8. Tuition Fees & Remission Costs
B3: Name/Project Role | C3: Tuition Fees & Remission Description | E3: Tuition Year 1 | F3: Tuition Year 2 | G3: Tuition Year 3 | H3: Tuition Year 4 | I3: Tuition Year 5 | J3: Project Total
J4: =SUM(E4:I4) -> 0
J5: =SUM(E5:I5) -> 0
J6: =SUM(E6:I6) -> 0
J7: =SUM(E7:I7) -> 0
J8: =SUM(E8:I8) -> 0
J9: =SUM(E9:I9) -> 0
J10: =SUM(E10:I10) -> 0
J11: =SUM(E11:I11) -> 0
J12: =SUM(E12:I12) -> 0
J13: =SUM(E13:I13) -> 0
B14: Totals: | E14: =SUM(E4:E13) -> 0 | F14: =SUM(F4:F13) -> 0 | G14: =SUM(G4:G13) -> 0 | H14: =SUM(H4:H13) -> 0 | I14: =SUM(I4:I13) -> 0 | J14: =SUM(E14:I14) -> 0
B16: Return to | C16: Budget Justification Summary

Sheet F9 - Other
A1: F9. Other Costs
B2: Provide a description of Other costs by year and explain how they will benefit the project. Provide supporting documentation and quotes.
B4: Description | C4: Explanation | D4: Year 1 | E4: Year 2 | F4: Year 3 | G4: Year 4 | H4: Year 5 | I4: Project Total
I5: =SUM(D5:H5) -> 0
I6: =SUM(D6:H6) -> 0
I7: =SUM(D7:H7) -> 0
I8: =SUM(D8:H8) -> 0
I9: =SUM(D9:H9) -> 0
I10: =SUM(D10:H10) -> 0
I11: =SUM(D11:H11) -> 0
I12: =SUM(D12:H12) -> 0
I13: =SUM(D13:H13) -> 0
I14: =SUM(D14:H14) -> 0
B15: Totals: | D15: =SUM(D5:D14) -> 0 | E15: =SUM(E5:E14) -> 0 | F15: =SUM(F5:F14) -> 0 | G15: =SUM(G5:G14) -> 0 | H15: =SUM(H5:H14) -> 0 | I15: =SUM(D15:H15) -> 0
B17: Return to | C17: Budget Justification Summary

Sheet F10 - Other
A1: F10. Other Costs
B2: Provide a description of Other costs by year and explain how they will benefit the project. Provide supporting documentation and quotes.
B4: Description | C4: Explanation | D4: Year 1 | E4: Year 2 | F4: Year 3 | G4: Year 4 | H4: Year 5 | I4: Project Total
I5: =SUM(D5:H5) -> 0
I6: =SUM(D6:H6) -> 0
I7: =SUM(D7:H7) -> 0
I8: =SUM(D8:H8) -> 0
I9: =SUM(D9:H9) -> 0
I10: =SUM(D10:H10) -> 0
I11: =SUM(D11:H11) -> 0
I12: =SUM(D12:H12) -> 0
I13: =SUM(D13:H13) -> 0
I14: =SUM(D14:H14) -> 0
B15: Totals: | D15: =SUM(D5:D14) -> 0 | E15: =SUM(E5:E14) -> 0 | F15: =SUM(F5:F14) -> 0 | G15: =SUM(G5:G14) -> 0 | H15: =SUM(H5:H14) -> 0 | I15: =SUM(D15:H15) -> 0
B17: Return to | C17: Budget Justification Summary
